 Dungeon Crawl Stone Soup version 0.31-a0-521-gc7390f8997 (webtiles) character file.

Game seed: 7629464408043471307

2382 MisterAzrael the Slicer (level 9, -10/105 HPs)
             Began as a Minotaur Berserker on Aug 10, 2023.
             Was a Priest of Trog.
             Mangled by an ogre
             ... wielding a +0 giant club
              (17 damage)
             ... on level 7 of the Dungeon.
             The game lasted 00:06:07 (6099 turns).

MisterAzrael the Slicer (Minotaur Berserker)        Turns: 6099, Time: 00:06:07

Health: -10/105    AC: 24    Str: 23    XL:     9   Next: 22%
Magic:  8/8        EV:  2    Int:  4    God:    Trog [***...]
Gold:   379        SH:  0    Dex: 13    Spells: 8/8 levels left

rFire   . . .        A - +0 demon trident (flame)
rCold   . . .        (no shield)
rNeg    . . .        w - melded +0 plate armour
rPois   +            (helmet currently unavailable)
rElec   .            (cloak currently unavailable)
rCorr   .            x - melded +0 pair of gloves
SInv    .            (boots currently unavailable)
Will    +....        (no amulet)
Stlth   +            i - ring of willpower
HPRegen 0.37/turn    (no ring)
MPRegen 0.11/turn

%: no passive effects
@: mighty, tree-form, attractive
A: stationary, stasis, torment immunity, boosted hp, (horns 2), (retaliatory
headbutt)
a: Renounce Religion, Berserk, Trog's Hand


You were on level 7 of the Dungeon.
You worshipped Trog.
Trog was most pleased with you.
You were a tree.
You visited 1 branch of the dungeon, and saw 7 of its levels.

You collected 379 gold pieces.

Inventory:

Hand Weapons
 a - a +0 falchion
 o - the +9 dagger "Hydrabane" {drain, rF++}
   (You found it on level 3 of the Dungeon)

   rF++:      It greatly protects you from fire.
 A - a +0 demon trident of flaming (weapon)
Missiles
 v - 4 poisoned darts
Armour
 b - a +0 animal skin
 r - a +4 ring mail
 w - a +0 plate armour (melded)
 x - a +0 pair of gloves (melded)
Jewellery
 i - a ring of willpower (left branch)
Wands
 q - a wand of digging (8)
 t - a wand of flame (63) (quivered)
 C - a wand of iceblast (8)
 D - a wand of polymorph (5)
Scrolls
 f - 3 scrolls of immolation {unknown}
 h - a scroll of acquirement {unknown}
 j - a scroll of butterflies {unknown}
 k - 3 scrolls of revelation {unknown}
 m - a scroll of blinking {unknown}
 n - 3 scrolls of vulnerability {unknown}
 p - 4 scrolls of identify {unknown}
 y - 2 scrolls of enchant weapon {unknown}
 B - a scroll of poison {unknown}
Potions
 c - a potion of might
 d - 3 potions of curing
 e - 2 potions of attraction
 g - 3 potions of lignification
 l - 3 potions of enlightenment {unknown}
 s - a potion of magic {unknown}
 u - 2 potions of heal wounds {unknown}
 z - a potion of mutation {unknown}


   Skills:
 - Level 3.6 Fighting
 - Level 11.4(11.9) Short Blades
 - Level 5.7(9.9) Long Blades
 * Level 3.4 Polearms
 - Level 2.4 Armour
 - Level 2.1 Dodging
 + Level 3.6 Evocations


You had 8 spell levels left.
You didn't know any spells.
Your spell library was empty.

Dungeon Overview and Level Annotations

Branches:
Dungeon (7/15)             Temple (0/1) D:5

Altars:
Cheibriados
Dithmenos
Hepliaklqana
Kikubaaqudgha
Makhleb
Nemelex Xobeh
Sif Muna
Uskayaw

Shops:
D:5 =   D:6 =


Innate Abilities, Weirdness & Mutations

You are a tree.
Your roots penetrate the ground, keeping you stationary.
You cannot be teleported.
You are immune to unholy pain and torment.
Your maximum health is greatly increased.
Your equipment is partially melded.
((You have a pair of horns on your head.))
((You reflexively headbutt those who attack you in melee.))


Message History

The arrow hits you.
You reach to attack!
You puncture the centaur! You burn the centaur.
The centaur is severely wounded.
The centaur shoots an arrow.
The arrow hits you!
A goblin comes into view. It is wielding a +0 spear.
The ogre hits you with a +0 giant club!
You are too injured to fight recklessly!
You are too injured to fight recklessly!
You are too injured to fight recklessly!
It was a potion of might.
You feel very mighty all of a sudden.
You are too injured to fight recklessly!
You are too injured to fight recklessly!
You are too injured to fight recklessly!
You hit the ogre. You burn the ogre.
The ogre is lightly wounded.
The ogre hits you with a +0 giant club!
* * * LOW HITPOINT WARNING * * *
You barely miss the ogre.
The ogre is lightly wounded.
The centaur unwields a +0 orcbow.
The centaur hits you.
* * * LOW HITPOINT WARNING * * *
The centaur kicks you but does no damage.
The ogre hits you with a +0 giant club!
* * * LOW HITPOINT WARNING * * *
The centaur hits you but does no damage.
The centaur kicks you.
* * * LOW HITPOINT WARNING * * *
It was a potion of lignification.
You turn into a tree.
Your +0 pair of gloves melds into your body.
Your +0 plate armour melds into your body.
Your roots penetrate the ground.
The centaur hits you but does no damage.
The centaur kicks you but does no damage.
It was a potion of attraction.
You feel attractive to monsters.
The centaur hits you but does no damage.
The centaur kicks you but does no damage.
The ogre hits you with a +0 giant club!
You die...

#......≈≈≈......##.
.....#..§..#.#.##
.....##.§.##.#.# ##
......##.#####.# .###
..............#
...####.........#####
..{.o####.......### #
##)ooo..)...###...#.#
.#.....).....##.♣...#
###(........#.#cO##...?.
###.........#..)o# #..#
.##.............o)..# .#
...............###)##
.....#......... .o#
#.............. .#
##..####....... .. ##.##
....... .g


You could see an orc warrior, an ogre, a centaur and an orc wizard.

Vanquished Creatures
  Grinder (D:6)
  Sigmund (D:4)
  Eustachio (D:4)
  A black bear (D:6)
  An ogre (D:5)
  A sky beast (D:7)
  An ice beast (D:6)
  A centaur (D:6)
  3 bullfrogs
  A gnoll sergeant (D:7)
  A scorpion (D:5)
  A howler monkey (D:5)
  A jelly (D:5)
  3 hounds
  4 orc priests (D:7)
  Jessica (D:3)
  4 sleepcaps
  Terence (D:3)
  4 orc wizards
  Ijyb (D:4)
  Natasha (thrice) (D:4)
  5 iguanas
  10 gnolls
  10 adders
  4 white imps
  An ufetubus (D:4)
  4 worms
  3 dart slugs
  25 orcs
  5 endoplasms
  10 giant cockroaches
  3 goblins
  6 hobgoblins
  6 kobolds
  4 quokkas
  7 ball pythons
  2 bats
  A frilled lizard (D:3)
  5 rats
147 creatures vanquished.

Vanquished Creatures (collateral kills)
  An orc priest (D:7)
1 creature vanquished.

Grand Total: 148 creatures vanquished

Notes
Turn   | Place    | Note
-------+----------+-------------------------------------------
     0 | D:1      | MisterAzrael the Minotaur Berserker began the quest for the
                  | Orb.
     0 | D:1      | Reached XP level 1. HP: 19/19 MP: 0/0
   214 | D:1      | Reached XP level 2. HP: 26/26 MP: 1/1
   800 | D:2      | Reached skill level 5 in Long Blades
   854 | D:2      | Reached XP level 3. HP: 31/31 MP: 2/2
  1317 | D:3      | Reached ** piety under Trog
  1397 | D:3      | Identified the +9 dagger "Hydrabane" {drain, rF++}
  1560 | D:3      | Reached skill level 1 in Short Blades
  1583 | D:3      | Noticed Terence
  1592 | D:3      | Killed Terence
  1593 | D:3      | Reached skill level 2 in Short Blades
  1593 | D:3      | Reached XP level 4. HP: 36/39 MP: 3/3
  1707 | D:3      | Noticed Jessica
  1710 | D:3      | Killed Jessica
  1711 | D:3      | Reached skill level 3 in Short Blades
  1725 | D:3      | Found a sparkling altar of Nemelex Xobeh.
  1770 | D:3      | Reached XP level 5. HP: 22/44 MP: 4/4
  2131 | D:4      | Noticed Sigmund
  2146 | D:4      | Killed Sigmund
  2147 | D:4      | Reached skill level 5 in Short Blades
  2147 | D:4      | Reached XP level 6. HP: 37/51 MP: 5/5
  2226 | D:4      | Found a hide-covered altar of Uskayaw.
  2284 | D:4      | Noticed Natasha
  2288 | D:4      | Killed Natasha
  2440 | D:4      | Noticed Natasha
  2443 | D:4      | Killed Natasha
  2444 | D:4      | Reached skill level 6 in Short Blades
  2537 | D:4      | Found a burning altar of Makhleb.
  2554 | D:4      | Reached *** piety under Trog
  2645 | D:4      | Reached XP level 7. HP: 50/57 MP: 6/6
  2751 | D:4      | Reached skill level 7 in Short Blades
  2964 | D:4      | Noticed Ijyb
  2970 | D:4      | Killed Ijyb
  3172 | D:4      | Noticed Natasha
  3177 | D:4      | Killed Natasha
  3308 | D:4      | Noticed Eustachio
  3323 | D:4      | Killed Eustachio
  3324 | D:4      | Reached skill level 8 in Short Blades
  3499 | D:5      | Entered Level 5 of the Dungeon
  3578 | D:5      | Reached skill level 9 in Short Blades
  3581 | D:5      | Reached XP level 8. HP: 64/64 MP: 7/7
  3758 | D:5      | Found an ancient bone altar of Kikubaaqudgha.
  3792 | D:5      | Found Jatrou's Jewellery Shop.
  4105 | D:5      | Reached **** piety under Trog
  4409 | D:5      | Found a staircase to the Ecumenical Temple.
  4519 | D:6      | Found Minixzuq's Jewellery Shoppe.
  4572 | D:6      | Reached skill level 10 in Short Blades
  4769 | D:6      | Noticed Grinder
  4783 | D:6      | Killed Grinder
  4906 | D:6      | Reached skill level 1 in Evocations
  4926 | D:6      | Reached skill level 11 in Short Blades
  5268 | D:6      | Found a shimmering blue altar of Sif Muna.
  5572 | D:6      | Found a hazy altar of Hepliaklqana.
  5608 | D:7      | Found a shadowy altar of Dithmenos.
  5648 | D:7      | Reached XP level 9. HP: 61/70 MP: 8/8
  5736 | D:7      | Found a snail-covered altar of Cheibriados.
  5780 | D:7      | Reached skill level 1 in Polearms
  6099 | D:7      | Mangled by an ogre

Illustrated notes

Levels and vault maps discovered:
D:1:      amcnicky_arrival_gap_in_the_tavern_cellar, layout_loops_ring,
          minmay_pentomino_u4
D:2:      layout_loops_ring
D:3:      layout_rooms, mainiacjoe_overflow_24_doors, uniq_jessica, uniq_terence
D:4:      minmay_razor_zed, layout_basic,
          nicolae_uskayaw_murder_on_the_dancefloor, overflow_temple_1_default,
          dreamdust_princess_corridor, minmay_quadrilaterals, uniq_ijyb,
          uniq_eustachio, uniq_sigmund, uniq_natasha
D:5:      wad_lake_hut, layout_basic, kiku_gazebo_garden_becter, temple_statues,
          serial_shops, shop
D:6:      layout_loops_corners, nzn_hepliaklqana_mist_gate,
          lemuel_blue_sif_altar, serial_shops, nicolae_shop_tiny_glass,
          uniq_grinder
D:7:      layout_cave_pools, lemuel_doored_altar, slow_altar_1,
          nicolae_overflow_crystal_walls, enter_bailey_3, nrook_campfire,
          amcnicky_mini_pool_small, minmay_misc_feat_x

Skill      XL: |  1  2  3  4  5  6  7  8  9 |
---------------+----------------------------+-----
Long Blades    | 4 5 |  5.7
Short Blades   | 2 3 5 6 9 11 | 11.4
Evocations     | 2 3 |  3.6
Polearms       | 3 |  3.4
Fighting       | |  3.6
Armour         | |  2.4
Dodging        | |  2.1

Action                     |  1- 3 |  4- 6 |  7- 9 || total
---------------------------+-------+-------+-------++-------
  Melee: Falchion          |    68 |       |       ||    68
         Headbutt          |    13 |    10 |    34 ||    57
         Punch             |     1 |       |     1 ||     2
         Dagger            |    17 |    76 |   153 ||   246
         Demon trident     |       |       |    45 ||    45
 Invoke: Berserk           |       |       |     2 ||     2
         Trog's Hand       |       |       |     2 ||     2
         Brothers in Arms  |       |       |     1 ||     1
  Evoke: Wand              |       |       |     7 ||     7
    Use: Potion            |       |       |     5 ||     5
   Stab: Sleeping          |     1 |       |       ||     1
 Armour: Animal skin       |     8 |     7 |       ||    15
         Ring mail         |       |    10 |    12 ||    22
         Plate armour      |       |       |    62 ||    62
         Skin              |       |       |     4 ||     4
  Dodge: Dodged            |    57 |    30 |    65 ||   152

Table legend: (Time is in decaauts)
 A = Elapsed time spent in this place.
 B = Non-inter-level travel time spent in this place.
 C = Inter-level travel time spent in this place.
 D = Time resting spent in this place.
 E = Time spent auto-exploring this place.
 F = Levels seen in this place.
 G = Mean time per level.
                   A        B        C        D        E       F      G
               +--------+--------+--------+--------+--------+-----+--------+
         Total |   6066 |   5935 |    131 |    394 |   4677 |   7 |  866.6 |
       Dungeon |   6066 |   5935 |    131 |    394 |   4677 |   7 |  866.6 |
               +--------+--------+--------+--------+--------+-----+--------+

Top non-repeatable levels by time:
     D:4: 1382 daAuts
     D:5: 1045 daAuts
     D:6: 1039 daAuts
     D:3: 758 daAuts
     D:2: 698 daAuts
     D:1: 617 daAuts
     D:7: 524 daAuts
